 Dungeon Crawl Stone Soup version 0.30-a0-1008-g30c9307041 (webtiles) character file.

Game seed: 342716821467633842

91 halvedace the Conjurer (level 4, -5/33 HPs)
             Began as a Draconian Conjurer on Apr 5, 2023.
             Slain by Natasha (7 damage)
             ... on level 3 of the Dungeon.
             The game lasted 00:07:57 (2564 turns).

halvedace the Conjurer (Draconian Conjurer)         Turns: 2564, Time: 00:07:59

Health: -5/33      AC:  5    Str:  9    XL:     4   Next: 34%
Magic:  6/8        EV: 12    Int: 26    God:
Gold:   152        SH:  0    Dex: 10    Spells: 8/9 levels left

rFire   . . .      SeeInvis .    g - staff of conjuration
rCold   . . .      Faith    .    (no shield)
rNeg    . . .      Spirit   .    (body armour unavailable)
rPois   .          Reflect  .    (helmet restricted)
rElec   .          Rampage  .    (no cloak)
rCorr   .                        (no gloves)
Will    .....                    (no boots)
Stlth   ++                       (no amulet)
HPRegen 0.25/turn                d - ring of flight
MPRegen 0.11/turn                f - +6 ring of intelligence

@: flying
A: AC +5, unfitting armour, cold-blooded
a: no special abilities


You were on level 3 of the Dungeon.
You visited 1 branch of the dungeon, and saw 3 of its levels.

You collected 152 gold pieces.

Inventory:

Magical Staves
 g - a staff of conjuration (weapon)
 i - a staff of air
Jewellery
 d - a ring of flight (left hand)
 f - a +6 ring of intelligence (right hand)
 h - a ring of ice
Scrolls
 b - a scroll of amnesia
Potions
 a - a potion of magic
 c - a potion of curing {unknown}
 e - a potion of experience {unknown}


   Skills:
 + Level 2.5 Dodging
 - Level 2.0 Stealth
 * Level 3.3 Spellcasting
 + Level 4.5 Conjurations


You had 8 spell levels left.
You knew the following spells:

 Your Spells              Type           Power      Damage    Failure   Level
a - Magic Dart            Conj           100%       1d8       1%          1

Your spell library contained the following spells:

 Spells                   Type           Power      Damage    Failure   Level
 Searing Ray              Conj           82%        2d7       2%          2
 Dazzling Flash           Conj/Hex       48%        N/A       11%         3
 Call Imp                 Summ           4%         N/A       14%         2
 Mephitic Cloud           Conj/Pois/Air  18%        N/A       16%         3
 Inner Flame              Hex/Fire       4%         N/A       28%         3
 Flame Wave               Conj/Fire      24%        2d8       36%         4
 Fulminant Prism          Conj/Hex       12%        3d9       36%         4
 Iskenderun's Mystic Bla  Conj/Tloc      24%        2d7       36%         4
 Sticky Flame             Conj/Fire      24%        2d5       36%         4


Dungeon Overview and Level Annotations

Branches:
Dungeon (3/15)

Altars:

Annotations:
D:3 Natasha


Innate Abilities, Weirdness & Mutations

Your plain brown scales are hard. (AC +5)
You cannot fit into any form of body armour.
You are cold-blooded and may be slowed by cold attacks.


Message History

Natasha is heavily wounded.
The white imp disappears in a puff of smoke!
Natasha mumbles some strange words.
Natasha barely misses you.
You barely miss Natasha.
Natasha is heavily wounded.
Natasha claws you. The white imp gestures at you. The puff of frost hits you.
You barely miss Natasha.
Natasha is heavily wounded.
Natasha barely misses you. The white imp misses you.
The crimson imp blinks!
The shadow imp grins evilly.
Natasha barely misses you. The white imp gestures at you.
The puff of frost hits you!
You barely miss Natasha.
Your tail-slap misses Natasha.
Natasha is heavily wounded.
You feel yourself speed up. Natasha claws you. The white imp barely misses you.
Natasha barely misses you. The white imp gestures at you.
The puff of frost misses you.
You barely miss Natasha.
Your tail-slap misses Natasha.
Natasha is heavily wounded.
The crimson imp disappears in a puff of smoke!
Natasha claws you.
* * * LOW HITPOINT WARNING * * *
The white imp barely misses you.
You barely miss Natasha.
Natasha is heavily wounded.
Natasha claws you!
* * * LOW HITPOINT WARNING * * *
The white imp barely misses you.
You hit Natasha.
Your tail-slap misses Natasha.
Natasha is heavily wounded.
The shadow imp disappears in a puff of smoke!
Natasha wildly gestures.
Natasha shimmers violently.
Natasha claws you!
You die...

************ ****
*,,,,,,,,,.***,,*
*,,,,,.,,,.#,,,,*
*,,,,,..,,,.,*,**
*,,,,,...,,.#,,*
**,,,,,....,#.,**
*,,,,,,.....#.**
*,,,,,,.......###
**,,,,,,......§h@#
*,,,,,,,.....###5#
*,,,,,,,...,,*
#.###########
*,,**,,,#*,***
#.#.........#
,,***,,,*,,*
#.>.........# ,,*
*,***,**
##..........#
,***#..,,,*
#..........# .*
*..#****
#..........#
.##*..#
*###.........#


You could see Natasha and a white imp (summoned).

Vanquished Creatures
  Natasha (D:3)
  2 adders
  10 ball pythons
  4 bats
  2 endoplasms
  A giant cockroach (D:2)
  2 goblins
  3 hobgoblins
  4 kobolds
  3 quokkas (D:2)
  4 frilled lizards
  16 rats
52 creatures vanquished.

Notes
Turn   | Place    | Note
-------+----------+-------------------------------------------
     0 | D:1      | halvedace the Draconian Conjurer began the quest for the
                  | Orb.
     0 | D:1      | Reached XP level 1. HP: 14/14 MP: 3/3
   377 | D:1      | Reached XP level 2. HP: 20/20 MP: 3/5
   787 | D:1      | Found a faded altar of an unknown god.
  1338 | D:2      | Reached XP level 3. HP: 26/26 MP: 2/7
  2333 | D:3      | Identified a scroll of acquirement
  2333 | D:3      | Acquired a staff of conjuration
  2367 | D:3      | Noticed Natasha
  2372 | D:3      | Killed Natasha
  2373 | D:3      | Reached XP level 4. HP: 33/33 MP: 2/8
  2544 | D:3      | Noticed Natasha
  2563 | D:3      | HP: 1/33 [Natasha (7)]
  2564 | D:3      | Slain by Natasha

Illustrated notes

Levels and vault maps discovered:
D:1:      dpeg_arrival_boxes_within_box, layout_loops_cross,
          dreamdust_ecumenical_altar_hidden_monk_grotto, minmay_rat_gold_closets
D:2:      layout_basic, grunt_ministairs_13
D:3:      layout_rooms, lemuel_round_altar, nzn_wu_jian_contemplation,
          kennysheep_generic_room_14, uniq_natasha

Skill      XL: |  1  2  3 |
---------------+----------+-----
Dodging        | 2 |  2.5
Stealth        | 2 |  2.0
Spellcasting   | 3 |  3.3
Conjurations   | |  4.5

Action                     |  1- 3 |  4- 6 || total
---------------------------+-------+-------++-------
  Melee: Staff             |       |    14 ||    14
         Tailslap          |       |     1 ||     1
   Cast: Magic Dart        |    75 |    14 ||    89
    Use: Scroll            |    10 |     1 ||    11
         Potion            |     2 |       ||     2
 Armour: Skin              |     1 |     8 ||     9
  Dodge: Dodged            |     4 |    24 ||    28

Table legend: (Time is in decaauts)
 A = Elapsed time spent in this place.
 B = Non-inter-level travel time spent in this place.
 C = Inter-level travel time spent in this place.
 D = Time resting spent in this place.
 E = Time spent auto-exploring this place.
 F = Levels seen in this place.
 G = Mean time per level.
                   A        B        C        D        E       F      G
               +--------+--------+--------+--------+--------+-----+--------+
         Total |   2587 |   2527 |     60 |     83 |   2140 |   3 |  862.3 |
       Dungeon |   2587 |   2527 |     60 |     83 |   2140 |   3 |  862.3 |
               +--------+--------+--------+--------+--------+-----+--------+

Top non-repeatable levels by time:
     D:1: 1222 daAuts
     D:2: 1040 daAuts
     D:3: 324 daAuts
